 Dungeon Crawl Stone Soup version 0.28-a0-537-g3bccd9ccbf (webtiles) character file.

Game seed: 4527719914803160075

8012 pascalblue the Protected (level 11, -2/101 HPs)
             Began as a Hill Orc Fighter on Sept 27, 2021.
             Was a Follower of Uskayaw.
             Slain by Sonja (3 damage)
             ... on level 10 of the Dungeon.
             The game lasted 00:30:10 (9871 turns).

pascalblue the Protected (Hill Orc Fighter)         Turns: 9871, Time: 00:30:11

Health: -2/101     AC: 21    Str: 23    XL:     11   Next: 24%
Magic:  12/12      EV:  7    Int:  8    God:    Uskayaw [*.....]
Gold:   928        SH:  0    Dex: 10    Spells: 10/10 levels left

rFire   . . .      SeeInvis .   o - +3 battleaxe (vamp)
rCold   . . .      Faith    .   (shield currently unavailable)
rNeg    + . .      Spirit   .   i - +0 plate armour
rPois   +          Reflect  .   (no helmet)
rElec   .          Harm     .   (no cloak)
rCorr   .          Rampage  .   H - +2 pair of gloves
Will    .....                   E - +0 pair of boots
Stlth   ..........              l - amulet of regeneration
HPRegen 1.26/turn               B - ring of positive energy
MPRegen 0.13/turn               G - ring of poison resistance

@: lethally poisoned (-2 -> -3), slowed, very slow
A: no striking features
a: Renounce Religion, Stomp


You were on level 10 of the Dungeon.
You worshipped Uskayaw.
Uskayaw was noncommittal.
You visited 2 branches of the dungeon, and saw 11 of its levels.
You also visited: Ossuary.

You collected 1040 gold pieces.
You spent 112 gold pieces at shops.

Inventory:

Hand Weapons
 a - a +0 war axe
 o - a +3 vampiric battleaxe (weapon)
 q - a +0 hand axe of freezing
Missiles
 h - 2 throwing nets (quivered)
 z - 88 poisoned darts
 C - 9 boomerangs
Armour
 b - a +0 scale mail
 c - a +1 buckler
 e - +0 steam dragon scales
 i - a +0 plate armour (worn)
 E - a +0 pair of boots (worn)
 H - a +2 pair of gloves (worn)
Jewellery
 f - an amulet of the acrobat
 l - an amulet of regeneration (around neck)
 m - a ring of ice
 B - a ring of positive energy (left hand)
 G - a ring of poison resistance (right hand)
 I - a ring of protection from fire
 L - a ring of ice
Wands
 r - a wand of mindburst (34)
 s - a wand of flame (28)
 v - a wand of acid (8)
 y - a wand of polymorph (11)
Scrolls
 j - 3 scrolls of identify
 k - 5 scrolls of fog
 u - a scroll of fear
 x - 2 scrolls of magic mapping
 A - 2 scrolls of amnesia
 M - 2 scrolls of teleportation
Potions
 d - 2 potions of might
 g - 6 potions of haste
 n - 8 potions of curing
 p - 2 potions of flight
 t - 3 potions of brilliance
 w - 2 potions of cancellation
 D - a potion of lignification
 F - a potion of degeneration
 J - a potion of resistance {unknown}
 K - a potion of attraction {unknown}


   Skills:
 + Level 10.7 Fighting
 + Level 11.2 Axes
 * Level 13.1 Armour
 - Level 4.9 Shields
 + Level 2.4 Invocations


You had 10 spell levels left.
You didn't know any spells.
Your spell library contained the following spells:

 Spells                   Type           Power      Damage    Failure   Level
 Slow                     Hex            0%         N/A       100%        2
 Sublimation of Blood     Necr           0%         N/A       100%        2
 Wereblood                Tmut           0%         N/A       100%        2
 Confusing Touch          Hex            0%         N/A       100%        3
 Frozen Ramparts          Ice            0%         1d2       100%        3
 Vampiric Draining        Necr           0%         2d6       100%        3
 Ice Form                 Ice/Tmut       0%         N/A       100%        4
 Petrify                  Tmut/Erth      0%         N/A       100%        4
 Summon Ice Beast         Ice/Summ       0%         N/A       100%        4
 Irradiate                Conj/Tmut      0%         3d13      100%        5
 Summon Hydra             Summ           0%         N/A       100%        7


Dungeon Overview and Level Annotations

Branches:
Dungeon (10/15)            Temple (1/1) D:4             Orc (0/2) D:10
Ossuary (visited)
   Lair: D:8-11

Altars:
Ashenzari
Cheibriados
Dithmenos
Elyvilon
Fedhas
Gozag
Hepliaklqana
Kikubaaqudgha
Makhleb
Nemelex Xobeh
Okawaru
Qazlal
Ru
Sif Muna
Trog
Uskayaw
Vehumet
Wu Jian
Xom
Yredelemnul
Zin
The Shining One

Shops:
D:1 *   D:6 *   D:8 **

Annotations:
D:10 Sonja


Message History

Sonja throws a curare-tipped dart.
The curare-tipped dart barely misses you.
You closely miss Sonja. Sonja hits you but does no damage.
You blink.
Sonja casts a spell.
Sonja blinks!
You feel yourself speed up.
Sonja gestures wildly while chanting.
Sonja blinks!
Sonja throws a curare-tipped dart.
The curare-tipped dart barely misses you.
Sonja throws a curare-tipped dart.
The curare-tipped dart hits you.
You have difficulty breathing.
You feel yourself slow down.
Sonja throws a curare-tipped dart.
The curare-tipped dart hits you.
Sonja throws a curare-tipped dart.
The curare-tipped dart hits you.
Sonja throws a curare-tipped dart.
The curare-tipped dart hits you.
You are poisoned.
You have difficulty breathing.
You feel as though you will be slow longer.
You feel extremely sick.
Sonja throws a curare-tipped dart.
The curare-tipped dart hits you.
You feel very sick.
Sonja hits you with a +0 dagger of distortion!
Sonja barely misses you. x2; Sonja hits you but does no damage.
You blink.
You feel very sick. Sonja hits you but does no damage. Space bends around you.
* * * LOW HITPOINT WARNING * * *
Sonja hits you with a +0 dagger of distortion.
* * * LOW HITPOINT WARNING * * *
Space bends around you.
* * * LOW HITPOINT WARNING * * *
Sonja hits you but does no damage. Space bends around you.
* * * LOW HITPOINT WARNING * * *
Sonja hits you with a +0 dagger of distortion.
* * * LOW HITPOINT WARNING * * *
Space warps horribly around you!
* * * LOW HITPOINT WARNING * * *
Sonja hits you but does no damage. Space bends around you.
* * * LOW HITPOINT WARNING * * *
Sonja hits you with a +0 dagger of distortion.
You die...

##..# #..#...##................
##..# #......##...##...........
##..# #......##...##...........
##..#####......##................
##.............##................
##.............##....# ..
##...................##.
##...####......§K....(... ##...#
#.......@........ †....#
#.....##......... .....#
#.....##......... .....#
#.....##.>....... .#...#
#.....##...#..<.. .#...#
#...............# .#...#
#...########+#.. .#...# #...# .#
.#...# #...#


You could see Sonja.

Vanquished Creatures
  A two-headed ogre (D:8)
  A manticore (D:6)
  A gargoyle (D:10)
  2 hornets
  2 shadows
  2 wraiths (Ossuary)
  5 yaks (D:9)
  A steam dragon (D:10)
  2 vampire mosquitoes (D:10)
  Menkaure (D:6)
  An acid dragon (D:10)
  4 water moccasins
  A black bear (D:6)
  3 sky beasts
  4 orc warriors
  A necrophage (D:7)
  An ice beast (D:7)
  4 ogres
  A centaur (D:7)
  A kobold brigand (D:7)
  A scorpion (D:5)
  3 bullfrogs
  A water moccasin skeleton (D:7)
  11 killer bees (D:9)
  An electric eel (D:9)
  13 wights
  3 centaur zombies
  9 orc priests
  3 hounds
  3 bullfrog skeletons
  A centaur skeleton (D:7)
  2 gnoll shamans
  4 iguanas
  7 orc wizards
  A hound zombie (D:5)
  A hound skeleton (D:4)
  3 howler monkey zombies
  A mummy (D:4)
  9 gnolls
  7 adders
  2 white imps
  An ufetubus (D:6)
  2 adder zombies (Ossuary)
  4 dart slugs
  2 worms
  52 orcs
  4 bats
  5 endoplasms
  2 giant cockroaches (D:1)
  4 goblins
  5 hobgoblins
  3 jackals (D:2)
  15 kobolds
  A quokka (D:1)
  A ball python skeleton (Ossuary)
  A frilled lizard (D:3)
  A goblin zombie (D:4)
  2 hobgoblin skeletons (Ossuary)
  An orc skeleton (Ossuary)
  3 orc zombies
  3 rats
237 creatures vanquished.

Vanquished Creatures (others)
  2 plants (D:3)
2 creatures vanquished.

Grand Total: 239 creatures vanquished

Notes
Turn   | Place    | Note
-------+----------+-------------------------------------------
     0 | D:1      | pascalblue the Hill Orc Fighter began the quest for the
                  | Orb.
     0 | D:1      | Reached XP level 1. HP: 19/19 MP: 1/1
    72 | D:1      | Found a faded altar of an unknown god.
   200 | D:1      | Reached XP level 2. HP: 27/27 MP: 2/2
   361 | D:1      | Found Zogipn's Assorted Antiques.
   786 | D:2      | Reached XP level 3. HP: 29/33 MP: 3/3
  1630 | D:3      | Reached XP level 4. HP: 41/41 MP: 4/4
  1789 | D:3      | Reached skill level 4 in Armour
  2119 | D:3      | Found a broken altar of Ashenzari.
  2534 | D:4      | Found a staircase to the Ecumenical Temple.
  2586 | D:4      | Found a sand-covered staircase.
  2688 | Ossuary  | Entered an ossuary
  2811 | Ossuary  | Identified a scroll of acquirement
  2811 | Ossuary  | Acquired a +3 vampiric battleaxe
  2826 | Ossuary  | Noticed a wraith
  2826 | Ossuary  | Noticed a flying skull
  2837 | Ossuary  | Noticed a flying skull
  2875 | Ossuary  | Noticed a wraith
  2879 | Ossuary  | Killed a wraith
  2880 | Ossuary  | Reached skill level 5 in Armour
  2880 | Ossuary  | Reached XP level 5. HP: 18/47 MP: 5/5
  2880 | Ossuary  | Reached XP level 6. HP: 21/55 MP: 6/6
  3074 | Ossuary  | Noticed a flying skull
  3085 | Ossuary  | Reached skill level 5 in Fighting
  3212 | Ossuary  | Noticed a wraith
  3224 | Ossuary  | Killed a wraith
  3225 | Ossuary  | Reached skill level 5 in Axes
  3225 | Ossuary  | Reached XP level 7. HP: 15/61 MP: 7/7
  4038 | D:4      | Reached skill level 6 in Armour
  4046 | Temple   | Entered the Ecumenical Temple
  4129 | Temple   | Became a worshipper of Uskayaw the Reveller
  4270 | D:4      | Reached * piety under Uskayaw
  4313 | D:4      | Found a hazy altar of Hepliaklqana.
  4492 | D:5      | Entered Level 5 of the Dungeon
  4497 | D:5      | Reached ** piety under Uskayaw
  4501 | D:4      | Reached *** piety under Uskayaw
  4740 | D:5      | Reached XP level 8. HP: 46/65 MP: 8/8
  4741 | D:5      | Reached **** piety under Uskayaw
  4786 | D:5      | Reached skill level 7 in Armour
  4825 | D:5      | Found a stormy altar of Qazlal.
  5220 | D:5      | Reached skill level 8 in Armour
  5449 | D:6      | Found Zin's Purification Station.
  5449 | D:6      | Found a glowing silver altar of Zin.
  5481 | D:6      | Noticed Menkaure
  5494 | D:6      | Killed Menkaure
  5495 | D:6      | Reached XP level 9. HP: 25/79 MP: 9/9
  5593 | D:6      | Reached skill level 9 in Armour
  5602 | D:6      | Found a white marble altar of Elyvilon.
  5744 | D:6      | Noticed a manticore
  5753 | D:6      | Killed a manticore
  6216 | D:7      | Reached skill level 10 in Armour
  7414 | D:7      | Reached XP level 10. HP: 65/90 MP: 10/10
  7501 | D:7      | Reached skill level 11 in Armour
  7646 | D:7      | Found an ornate altar of the Wu Jian Council.
  7805 | D:8      | Reached ***** piety under Uskayaw
  8119 | D:8      | Noticed a two-headed ogre
  8128 | D:8      | Killed a two-headed ogre
  8129 | D:8      | Reached skill level 10 in Axes
  8146 | D:8      | Found Tytiq's Specific Store.
  8151 | D:8      | Found Risaf's General Store.
  8222 | D:8      | Bought a scroll of enchant armour for 112 gold pieces
  8226 | D:8      | Found a bloodstained altar of Trog.
  8673 | D:9      | Paralysed by a hornet for 3 turns
  8679 | D:9      | Reached skill level 12 in Armour
  8683 | D:9      | Reached skill level 10 in Fighting
  9065 | D:9      | Reached XP level 11. HP: 97/101 MP: 11/11
  9312 | D:9      | Found a blossoming altar of Fedhas.
  9404 | D:10     | Entered Level 10 of the Dungeon
  9562 | D:10     | Found a staircase to the Orcish Mines.
  9591 | D:10     | Reached skill level 1 in Invocations
  9737 | D:10     | Reached skill level 13 in Armour
  9841 | D:10     | Noticed Sonja
  9871 | D:10     | HP: 5/101 [Sonja (11)]
  9871 | D:10     | HP: 1/101 [Sonja (4)]
  9871 | D:10     | Slain by Sonja

Illustrated notes

Levels and vault maps discovered:
D:1:      psy_arrival_statuary, layout_basic, serial_shops, shop,
          ebering_ecumenical_altar_ruins
D:2:      layout_loops_cross, minmay_misc_feat_enclosed,
          minmay_worlds_worst_comb
D:3:      layout_loops_ring, cheibrodos_ashenzari_chains, serial_forest,
          infiniplex_forest_clump_long, infiniplex_forest_split,
          infiniplex_forest_end_2, infiniplex_forest_lined_ring,
          infiniplex_forest_zigzag_1, infiniplex_forest_clump_double,
          infiniplex_forest_clump_curved, infiniplex_forest_corner_2
D:4:      layout_loops_corners, mainiacjoe_overflow_alcove_2,
          minmay_temple_entry_wispy, nicolae_ossuary_entry_giza
D:5:      layout_rooms, mainiacjoe_overflow_brackets
D:6:      layout_loops_ring, mainiacjoe_overflow_24_doors, zin_purify,
          uniq_menkaure
D:7:      minmay_polygon_palace, layout_layer_cave,
          pdpol_wu_jian_five_deadly_venoms, kennysheep_generic_room_9
D:8:      layout_cave_pods, mainiacjoe_overflow_cross_hatched,
          nicolae_specific_store
D:9:      layout_gridville, fedhas_altar_4, minivault_4
D:10:     layout_long_grid, erik_orc_4, nicolae_trove_entry_crystal,
          amcnicky_mini_rare_corridor_liquid, minivault_13, uniq_sonja
Temple:   eino_temple_lava

Skill      XL: |  1  2  3  4  5  6  7  8  9 10 11 |
---------------+----------------------------------+-----
Axes           | 3 4 5 6 7 9 10 11 | 11.2
Fighting       | 4 5 6 7 8 10 | 10.7
Armour         | 5 6 8 10 12 13 | 13.1
Shields        | 4 |  4.9
Invocations    | 2 |  2.4

Action                   |  1- 3 |  4- 6 |  7- 9 | 10-12 || total
-------------------------+-------+-------+-------+-------++-------
Melee: War axe           |    96 |    17 |       |       ||   113
       Hand axe          |       |    58 |       |       ||    58
       Battleaxe         |       |    26 |   288 |   261 ||   575
Invok: Stomp             |       |       |       |     1 ||     1
  Use: Scroll            |       |    13 |     3 |     4 ||    20
       Potion            |       |       |     1 |     4 ||     5
 Stab: Paralysed         |       |       |    10 |    14 ||    24
Armor: Scale mail        |    33 |     6 |       |       ||    39
       Plate armour      |       |    37 |   272 |   274 ||   583
Dodge: Dodged            |    62 |    31 |   120 |   169 ||   382
Block: Buckler           |    20 |    10 |       |       ||    30

Table legend: (Time is in decaauts)
 A = Elapsed time spent in this place.
 B = Non-inter-level travel time spent in this place.
 C = Inter-level travel time spent in this place.
 D = Time resting spent in this place.
 E = Time spent auto-exploring this place.
 F = Levels seen in this place.
 G = Mean time per level.
                   A        B        C        D        E       F      G
               +--------+--------+--------+--------+--------+-----+--------+
         Total |  10098 |   9779 |    319 |   1310 |   5487 |  12 |  841.5 |
       Dungeon |   9144 |   8835 |    309 |    800 |   5460 |  10 |  914.4 |
        Temple |    105 |     95 |     10 |      0 |     12 |   1 |  105.0 |
       Ossuary |    848 |    848 |      0 |    510 |     15 |   1 |  848.0 |
               +--------+--------+--------+--------+--------+-----+--------+

Top non-repeatable levels by time:
     D:7: 1510 daAuts
     D:4: 1333 daAuts
     D:9: 935 daAuts
     D:3: 925 daAuts
     D:6: 907 daAuts
     D:2: 858 daAuts
 Ossuary: 848 daAuts
     D:8: 840 daAuts
     D:1: 789 daAuts
     D:5: 594 daAuts
    D:10: 448 daAuts
  Temple: 105 daAuts
